Canucks vs Penguins
Created - May 15, 2022 at 21:23
Goals
|
| Canucks |
3 |
1 |
0 |
4 |
| Penguins |
1 |
3 |
2 |
6 |
|
Shots
|
| Canucks |
7 |
13 |
9 |
29 |
| Penguins |
16 |
15 |
5 |
36 |
|
1st period
1. Canucks , Robert Nilsson 29 (Nick Palmieri 25, Marcus Johansson 21) at 3:01
2. Canucks , Jason Akeson 11 (Michael Kostka 24) at 7:02
3. Canucks , Nick Palmieri 20 (Marcus Johansson 22, Drew Doughty 56) at 11:42
4. Penguins , Steven Stamkos 40 (Keith Aulie 28, Jeff Skinner 23) at 18:03
Penalties :
Derick Brassard (Van) for Hooking (Minor) at 4:34, Maxim Talbot (Van) for Roughing (Minor) at 9:26, Tomas Kundratek (Van) for Roughing (Minor) at 13:25, Alex Goligoski (Van) for Holding (Minor) at 18:23
2nd period
5. Penguins , Cal Clutterbuck 12 (Keith Aulie 29, Oliver Ekman-Larsson 35) at 13:57
6. Penguins , Steven Stamkos 41 (Robert Hagg 7, Derek Boogaard 9) at 15:28
7. Canucks , Marcus Johansson 19 (Tyler Myers 12, Robert Nilsson 50) at 15:42
8. Penguins , Brandon Tanev 5 (Marcus Foligno 11, Nick Leddy 19) at 19:57
Penalties :
No Penalty
3rd period
9. Penguins , Derek Stepan 28 (Joe Pavelski 17, William Nylander 1) at 4:24 (PP)
10. Penguins , Steven Stamkos 42 (Nick Leddy 20, Nikita Kucherov 38) at 10:11
Penalties :
Derick Brassard (Van) for Tripping (Minor) at 0:36, Nick Palmieri (Van) for Holding (Minor) at 3:44, Tyler Myers (Van) for Hooking (Minor) at 10:18, Derick Brassard (Van) for Charging (Minor) at 14:11
Goalie Stats
Jonathan Quick (Van), 30 saves from 36 shots - (0.833), L, 24-27-5, 60:00 minutes
Jacob Markstrom (Pit), 25 saves from 29 shots - (0.862), W, 32-19-3, 60:00 minutes
Players Stats for Canucks
Player Name G A P +/- PIM S H SB GA TA FO MP PP MP PK MP
------------------------------------------------------------------------------------
Alex Goligoski 0 0 0 0 2 0 1 1 2 0 0/0 20:13 0:00 5:34
Alexander Steen 0 0 0 -2 0 0 1 1 0 0 0/0 9:29 0:00 3:02
Cody Eakin 0 0 0 -2 0 0 2 1 0 0 0/1 10:28 0:00 3:43
Derick Brassard 0 0 0 0 6 2 0 1 0 0 9/12 18:10 0:00 4:53
Drew Doughty 0 1 1 0 0 5 3 4 0 1 0/0 28:36 0:00 8:45
Fabian Brunnstrom 0 0 0 0 0 1 0 0 0 0 0/0 11:07 0:00 0:46
Garnet Hathaway 0 0 0 -2 0 1 0 0 0 0 0/0 6:27 0:00 0:00
Jamie Benn 0 0 0 0 0 0 0 0 0 1 0/0 13:13 0:00 0:00
Jason Akeson 1 0 1 0 0 2 2 1 0 0 0/0 10:01 0:00 0:00
Marcus Johansson 1 2 3 1 0 5 0 3 1 0 1/3 19:28 0:00 4:04
Maxim Talbot 0 0 0 1 2 1 0 0 0 0 0/4 11:16 0:00 0:41
Michael Kostka 0 1 1 -1 0 1 0 3 0 1 0/0 10:57 0:00 0:00
Mike Lundin 0 0 0 0 0 1 1 0 0 1 0/0 20:27 0:00 5:48
Nick Palmieri 1 1 2 1 2 4 1 2 0 0 0/2 19:21 0:00 3:58
Robert Nilsson 1 1 2 0 0 4 1 2 0 0 15/39 23:04 0:00 7:59
Sam Gagner 0 0 0 0 0 1 1 0 1 0 1/1 13:13 0:00 0:00
Tomas Kundratek 0 0 0 -1 2 0 0 1 0 0 0/0 12:35 0:00 1:30
Tyler Myers 0 1 1 0 2 1 3 2 0 1 0/0 27:14 0:00 7:29
Players Stats for Penguins
Player Name G A P +/- PIM S H SB GA TA FO MP PP MP PK MP
------------------------------------------------------------------------------------
Antoine Vermette 0 0 0 0 0 0 2 0 0 0 1/2 7:36 0:02 0:00
Brandon Tanev 1 0 1 0 0 1 2 0 1 0 0/0 9:34 0:00 0:00
Cal Clutterbuck 1 0 1 0 0 1 1 0 0 0 0/0 8:21 0:19 0:00
Damon Severson 0 0 0 2 0 0 1 0 0 1 0/0 11:09 0:00 0:00
Derek Boogaard 0 1 1 0 0 0 0 0 0 0 0/0 7:26 0:02 0:00
Derek Stepan 1 0 1 0 0 7 0 0 0 0 7/11 18:35 6:04 0:00
Jeff Skinner 0 1 1 1 0 1 0 0 0 0 0/1 23:45 8:08 0:00
Joe Colborne 0 0 0 0 0 1 0 0 0 0 1/1 10:14 0:00 0:00
Joe Pavelski 0 1 1 0 0 3 0 0 0 0 1/2 18:18 6:04 0:00
Keith Aulie 0 2 2 -1 0 3 1 0 0 0 0/0 27:58 7:58 0:00
Marcus Foligno 0 1 1 0 0 1 2 0 0 0 0/0 10:16 0:30 0:00
Nick Leddy 0 2 2 0 0 0 0 1 0 0 0/0 20:53 6:35 0:00
Nikita Kucherov 0 1 1 1 0 2 2 0 2 0 1/1 23:47 8:10 0:00
Oliver Ekman-Larsson 0 1 1 -1 0 5 2 0 0 0 0/0 27:58 7:58 0:00
Robert Hagg 0 1 1 2 0 0 0 2 0 0 0/0 11:09 0:00 0:00
Sean Zimmerman 0 0 0 0 0 1 0 1 1 1 0/0 20:53 6:35 0:00
Steven Stamkos 3 0 3 1 0 10 2 1 1 2 24/43 23:59 8:22 0:00
William Nylander 0 1 1 0 0 0 2 0 0 0 1/1 18:09 5:58 0:00
3 Stars
1 - Steven Stamkos (Pit)
2 - Marcus Johansson (Van)
3 - Robert Nilsson (Van)
Power Play
Canucks - 0 on 0 Attempt(s) - 0.00%
Penguins - 1 on 8 Attempt(s) - 12.50%
Penalty Kill
Canucks - 7 on 8 Attempt(s) - 87.50%
- Score 0 goal in Penalty Kill
Penguins - 0 on 0 Attempt(s) - 0.00%
- Score 0 goal in Penalty Kill
Team Stat
Canucks - Hits : 16 - Faceoff Wins : 26 - Blocked Shots : 22 - Penalty Minutes : 16
Penguins - Hits : 17 - Faceoff Wins : 36 - Blocked Shots : 5 - Penalty Minutes : 0
Official
Referees : Jacob Brenk and Marc Joannette
Linesman : Ryan Gibbons and Trent Knorr
Game Notes
Steven Stamkos has scored a Hat Trick!
Finance
Level 1 -- Attendance: 6000 (100.00%) -- Ticket Income $600,000
Level 2 -- Attendance: 4734 (94.68%) -- Ticket Income $284,040
Level 3 -- Attendance: 2000 (100.00%) -- Ticket Income $70,000
Level 4 -- Attendance: 4000 (100.00%) -- Ticket Income $100,000
Luxury Box -- Attendance: 893 (89.30%) -- Ticket Income $178,600
Game was played at the PPG Paint Arena.
Total Attendance: 17627 (97.93%)
Total Ticket Income: $1,232,640
Other Income: $184,896
Total Income: $1,417,536
Canucks
5 vs 5 Forward
Center Left Wing Right Wing Time % Phy DF OF
1 Robert Nilsson Marcus Johansson Nick Palmieri 40 1 2 2
2 Derick Brassard Jamie Benn Sam Gagner 30 1 2 2
3 Maxim Talbot Fabian Brunnstrom Jason Akeson 20 1 2 2
4 Cody Eakin Alexander Steen Garnet Hathaway 10 1 2 2
5 vs 5 Defense
Defense Defense Time % Phy DF OF
1 Drew Doughty Tyler Myers 40 1 2 2
2 Alex Goligoski Mike Lundin 30 1 2 2
3 Michael Kostka Tomas Kundratek 20 1 2 2
4 Drew Doughty Tyler Myers 10 1 2 2
PowerPlay Forward
Center Left Wing Right Wing Time % Phy DF OF
1 Robert Nilsson Marcus Johansson Nick Palmieri 60 1 2 2
2 Derick Brassard Jamie Benn Sam Gagner 40 1 2 2
PowerPlay Defense
Defense Defense Time % Phy DF OF
1 Drew Doughty Tyler Myers 60 1 2 2
2 Alex Goligoski Mike Lundin 40 1 2 2
Penalty Kill 4 Players Forward
Center Wing Time % Phy DF OF
1 Robert Nilsson Derick Brassard 60 1 2 2
2 Nick Palmieri Marcus Johansson 40 1 2 2
Penalty Kill 4 Players Defense
Defense Defense Time % Phy DF OF
1 Drew Doughty Tyler Myers 60 1 2 2
2 Alex Goligoski Mike Lundin 40 1 2 2
Penalty Kill - 3 Players Forward
Forward Time % Phy DF OF
1 Robert Nilsson 60 1 2 2
2 Derick Brassard 40 1 2 2
Penalty Kill - 3 Players Defense
Defense Defense Time % Phy DF OF
1 Drew Doughty Tyler Myers 60 1 2 2
2 Alex Goligoski Mike Lundin 40 1 2 2
4 vs 4 Forward
Center Wing Time % Phy DF OF
1 Robert Nilsson Derick Brassard 60 1 2 2
2 Nick Palmieri Marcus Johansson 40 1 2 2
4 vs 4 Defense
Defense Defense Time % Phy DF OF
1 Drew Doughty Tyler Myers 60 1 2 2
2 Alex Goligoski Mike Lundin 40 1 2 2
Last Minutes Offensive
Center Left Wing Right Wing Defense Defense
Robert Nilsson Marcus Johansson Nick Palmieri Drew Doughty Tyler Myers
Last Minutes Defensive
Center Left Wing Right Wing Defense Defense
Robert Nilsson Marcus Johansson Nick Palmieri Drew Doughty Tyler Myers
Goaltenders
Starting : Jonathan Quick
Backup : Pekka Rinne
Extra Forwards
Normal : Maxim Talbot, Fabian Brunnstrom, Cody Eakin - PP : Maxim Talbot, Fabian Brunnstrom - PK : Cody Eakin
Extra Defensemen
Normal : Michael Kostka, Tomas Kundratek, Alex Goligoski - PP : Michael Kostka - PK : Tomas Kundratek, Alex Goligoski
Penalty Shots
Robert Nilsson, Derick Brassard, Nick Palmieri, Marcus Johansson, Sam Gagner
Scratches
Oscar Sundqvist (Healthy)
Penguins
5 vs 5 Forward
Center Left Wing Right Wing Time % Phy DF OF
1 Steven Stamkos Jeff Skinner Nikita Kucherov 40 1 0 4
2 Derek Stepan William Nylander Joe Pavelski 30 1 0 4
3 Joe Colborne Brandon Tanev Marcus Foligno 20 1 1 3
4 Antoine Vermette Derek Boogaard Cal Clutterbuck 10 1 1 3
5 vs 5 Defense
Defense Defense Time % Phy DF OF
1 Oliver Ekman-Larsson Keith Aulie 40 1 1 3
2 Sean Zimmerman Nick Leddy 30 1 1 3
3 Damon Severson Robert Hagg 20 1 1 3
4 Oliver Ekman-Larsson Keith Aulie 10 1 1 3
PowerPlay Forward
Center Left Wing Right Wing Time % Phy DF OF
1 Steven Stamkos Jeff Skinner Nikita Kucherov 60 0 0 5
2 Derek Stepan William Nylander Joe Pavelski 40 0 0 5
PowerPlay Defense
Defense Defense Time % Phy DF OF
1 Oliver Ekman-Larsson Keith Aulie 60 0 0 5
2 Sean Zimmerman Nick Leddy 40 0 0 5
Penalty Kill 4 Players Forward
Center Wing Time % Phy DF OF
1 Steven Stamkos Cal Clutterbuck 60 0 5 0
2 Joe Colborne Marcus Foligno 40 0 5 0
Penalty Kill 4 Players Defense
Defense Defense Time % Phy DF OF
1 Oliver Ekman-Larsson Keith Aulie 60 0 5 0
2 Sean Zimmerman Nick Leddy 40 0 5 0
Penalty Kill - 3 Players Forward
Forward Time % Phy DF OF
1 Steven Stamkos 60 0 5 0
2 Joe Colborne 40 0 5 0
Penalty Kill - 3 Players Defense
Defense Defense Time % Phy DF OF
1 Oliver Ekman-Larsson Keith Aulie 60 0 5 0
2 Sean Zimmerman Nick Leddy 40 0 5 0
4 vs 4 Forward
Center Wing Time % Phy DF OF
1 Steven Stamkos Nikita Kucherov 60 0 0 5
2 Derek Stepan Joe Pavelski 40 0 0 5
4 vs 4 Defense
Defense Defense Time % Phy DF OF
1 Oliver Ekman-Larsson Keith Aulie 60 1 1 3
2 Sean Zimmerman Nick Leddy 40 1 1 3
Last Minutes Offensive
Center Left Wing Right Wing Defense Defense
Steven Stamkos Jeff Skinner Nikita Kucherov Oliver Ekman-Larsson Keith Aulie
Last Minutes Defensive
Center Left Wing Right Wing Defense Defense
Joe Colborne Derek Boogaard Marcus Foligno Oliver Ekman-Larsson Keith Aulie
Goaltenders
Starting : Jacob Markstrom
Backup : Viktor Fasth
Extra Forwards
Normal : Steven Stamkos, Derek Stepan, Joe Colborne - PP : Nikita Kucherov, Marcus Foligno - PK : Cal Clutterbuck
Extra Defensemen
Normal : Oliver Ekman-Larsson, Sean Zimmerman, Robert Hagg - PP : Oliver Ekman-Larsson - PK : Oliver Ekman-Larsson, Sean Zimmerman
Penalty Shots
Steven Stamkos, Nikita Kucherov, Derek Stepan, Jeff Skinner, Marcus Foligno
Scratches
Clarke MacArthur (Healthy), Lars Eller (Healthy)
% Time on Ice - Canucks
Lines # - Real PCT - Wanted PCT - Time Play
Normal Forward
1 - 33% - 40% - 15:05
2 - 31% - 30% - 14:15
3 - 22% - 20% - 10:01
4 - 13% - 10% - 6:06
Normal Defense
1 - 40% - 40% - 18:05
2 - 32% - 30% - 14:39
3 - 24% - 20% - 10:57
4 - 4% - 10% - 1:46
PP Forward
1 - 0% - 60%
2 - 0% - 40%
PP Defense
1 - 0% - 60%
2 - 0% - 40%
PK Forward
1 - 72% - 60% - 10:29
2 - 28% - 40% - 4:04
PK Defense
1 - 60% - 60% - 8:45
2 - 40% - 40% - 5:48
PK3 Forward
1 - 0% - 60%
2 - 0% - 40%
PK3 Defense
1 - 0% - 60%
2 - 0% - 40%
44 Forward
1 - 0% - 60%
2 - 0% - 40%
44 Defense
1 - 0% - 60%
2 - 0% - 40%
Last Minute Offensive - 0:00
Last Minute Defensive - 0:00
Total
Forward - 60:00
Defense - 60:00
|
% Time on Ice - Penguins
Lines # - Real PCT - Wanted PCT - Time Play
Normal Forward
1 - 36% - 40% - 16:35
2 - 28% - 30% - 12:54
3 - 21% - 20% - 9:34
4 - 14% - 10% - 6:24
Normal Defense
1 - 41% - 40% - 18:32
2 - 31% - 30% - 14:18
3 - 25% - 20% - 11:09
4 - 3% - 10% - 1:28
PP Forward
1 - 58% - 60% - 8:29
2 - 42% - 40% - 6:04
PP Defense
1 - 55% - 60% - 7:58
2 - 45% - 40% - 6:35
PK Forward
1 - 0% - 60%
2 - 0% - 40%
PK Defense
1 - 0% - 60%
2 - 0% - 40%
PK3 Forward
1 - 0% - 60%
2 - 0% - 40%
PK3 Defense
1 - 0% - 60%
2 - 0% - 40%
44 Forward
1 - 0% - 60%
2 - 0% - 40%
44 Defense
1 - 0% - 60%
2 - 0% - 40%
Last Minute Offensive - 0:00
Last Minute Defensive - 0:00
Total
Forward - 60:00
Defense - 60:00
|
Play-by-Play
1st period
0:01 of 1st period - Steven Stamkos wins face-off versus Robert Nilsson in neutral zone.
1:32 of 1st period - Off-side.
1:33 of 1st period - Robert Nilsson wins face-off versus Steven Stamkos in neutral zone.
1:40 of 1st period - Snap shot by Robert Nilsson.
1:40 of 1st period - Shot Misses the Net.
3:01 of 1st period - Wrist shot by Robert Nilsson.
3:01 of 1st period - Goal by Robert Nilsson - Canucks : 1 - Penguins : 0.
3:02 of 1st period - Derek Stepan wins face-off versus Derick Brassard in neutral zone.
3:08 of 1st period - Off-side.
3:09 of 1st period - Sam Gagner wins face-off versus Derek Stepan in neutral zone.
3:22 of 1st period - Snap shot by Oliver Ekman-Larsson.
3:22 of 1st period - Stopped by Jonathan Quick without a rebound.
3:23 of 1st period - Steven Stamkos wins face-off versus Maxim Talbot in Canucks zone.
3:56 of 1st period - Snap shot by Derek Stepan.
3:56 of 1st period - Shot Misses the Net.
4:19 of 1st period - Off-side.
4:20 of 1st period - Derick Brassard wins face-off versus Steven Stamkos in neutral zone.
4:34 of 1st period - Minor Penalty to Derick Brassard for Hooking.
4:35 of 1st period - Robert Nilsson wins face-off versus Steven Stamkos in Canucks zone.
5:13 of 1st period - Slapshot by Keith Aulie.
5:13 of 1st period - Shot Misses the Net.
5:15 of 1st period - Wrist shot by Joe Pavelski.
5:15 of 1st period - Shot Hit the Post.
5:17 of 1st period - Backhand shot by Oliver Ekman-Larsson.
5:17 of 1st period - Stopped by Jonathan Quick with a rebound.
6:34 of 1st period - Penalty to Derick Brassard is over, Derick Brassard is back on ice.
6:46 of 1st period - Icing by Sean Zimmerman.
6:47 of 1st period - Joe Colborne wins face-off versus Maxim Talbot in Penguins zone.
7:02 of 1st period - Snap shot by Jason Akeson.
7:02 of 1st period - Goal by Jason Akeson - Canucks : 2 - Penguins : 0.
7:03 of 1st period - Marcus Johansson wins face-off versus Steven Stamkos in neutral zone.
7:18 of 1st period - Wrist shot by Marcus Johansson.
7:18 of 1st period - Shot Misses the Net.
7:30 of 1st period - Sam Gagner is hit by Oliver Ekman-Larsson and loses puck.
8:12 of 1st period - Slapshot by Keith Aulie.
8:12 of 1st period - Stopped by Jonathan Quick with a rebound.
8:34 of 1st period - Snap shot by Joe Pavelski.
8:34 of 1st period - Stopped by Jonathan Quick with a rebound.
8:36 of 1st period - Snap shot by Derek Stepan.
8:36 of 1st period - Shot Blocked by Robert Nilsson.
8:38 of 1st period - Slapshot by Oliver Ekman-Larsson.
8:38 of 1st period - Shot Blocked by Tomas Kundratek.
8:40 of 1st period - Slapshot by Oliver Ekman-Larsson.
8:40 of 1st period - Deflect By Joe Pavelski.
8:40 of 1st period - Shot Blocked by Michael Kostka.
8:40 of 1st period - Puck is out of play.
8:41 of 1st period - Derick Brassard wins face-off versus Steven Stamkos in Canucks zone.
9:07 of 1st period - Tyler Myers is hit by Antoine Vermette and loses puck.
9:12 of 1st period - Slapshot by Cal Clutterbuck.
9:12 of 1st period - Shot Misses the Net.
9:14 of 1st period - Slapshot by Derek Boogaard.
9:14 of 1st period - Shot Misses the Net.
9:26 of 1st period - Minor Penalty to Maxim Talbot for Roughing.
9:27 of 1st period - Robert Nilsson wins face-off versus Jeff Skinner in Canucks zone.
11:26 of 1st period - Penalty to Maxim Talbot is over, Maxim Talbot is back on ice.
11:40 of 1st period - Snap shot by Marcus Johansson.
11:40 of 1st period - Stopped by Jacob Markstrom with a rebound.
11:42 of 1st period - Wrist shot by Nick Palmieri.
11:42 of 1st period - Goal by Nick Palmieri - Canucks : 3 - Penguins : 0.
11:43 of 1st period - Derick Brassard wins face-off versus Steven Stamkos in neutral zone.
11:51 of 1st period - Snap shot by Derick Brassard.
11:51 of 1st period - Stopped by Jacob Markstrom with a rebound.
12:17 of 1st period - Wrist shot by Derek Stepan.
12:17 of 1st period - Stopped by Jonathan Quick with a rebound.
12:19 of 1st period - Snap shot by Derek Stepan.
12:19 of 1st period - Stopped by Jonathan Quick without a rebound.
12:20 of 1st period - Robert Nilsson wins face-off versus Steven Stamkos in Canucks zone.
12:46 of 1st period - Cody Eakin is hit by Marcus Foligno and loses puck.
13:25 of 1st period - Minor Penalty to Tomas Kundratek for Roughing.
13:26 of 1st period - Steven Stamkos wins face-off versus Robert Nilsson in Canucks zone.
14:23 of 1st period - Steven Stamkos is hit by Alex Goligoski.
15:25 of 1st period - Penalty to Tomas Kundratek is over, Tomas Kundratek is back on ice.
15:26 of 1st period - Icing by Alex Goligoski.
15:27 of 1st period - Derick Brassard wins face-off versus Derek Stepan in Canucks zone.
15:32 of 1st period - Slapshot by Mike Lundin.
15:32 of 1st period - Stopped by Jacob Markstrom with a rebound.
15:38 of 1st period - Brandon Tanev is hit by Jason Akeson and loses puck.
16:12 of 1st period - Icing by Sean Zimmerman.
16:13 of 1st period - Antoine Vermette wins face-off versus Robert Nilsson in Penguins zone.
16:20 of 1st period - Snap shot by Steven Stamkos.
16:20 of 1st period - Stopped by Jonathan Quick without a rebound.
16:21 of 1st period - Nikita Kucherov wins face-off versus Robert Nilsson in Canucks zone.
16:32 of 1st period - Steven Stamkos is hit by Drew Doughty and loses puck.
17:19 of 1st period - Wrist shot by Marcus Foligno.
17:19 of 1st period - Stopped by Jonathan Quick without a rebound.
17:20 of 1st period - Steven Stamkos wins face-off versus Robert Nilsson in Canucks zone.
17:21 of 1st period - Wrist shot by Nikita Kucherov.
17:21 of 1st period - Stopped by Jonathan Quick with a rebound.
17:31 of 1st period - Wrist shot by Nick Palmieri.
17:31 of 1st period - Shot Blocked by Sean Zimmerman.
17:33 of 1st period - Slapshot by Drew Doughty.
17:33 of 1st period - Stopped by Jacob Markstrom without a rebound.
17:34 of 1st period - Steven Stamkos wins face-off versus Robert Nilsson in Penguins zone.
17:41 of 1st period - Slapshot by Nikita Kucherov.
17:41 of 1st period - Shot Hit the Post.
17:43 of 1st period - Slapshot by Oliver Ekman-Larsson.
17:43 of 1st period - Deflect By Steven Stamkos.
17:43 of 1st period - Stopped by Jonathan Quick without a rebound.
17:44 of 1st period - Steven Stamkos wins face-off versus Robert Nilsson in Canucks zone.
17:47 of 1st period - Snap shot by Nikita Kucherov.
17:47 of 1st period - Shot Blocked by Nick Palmieri.
17:49 of 1st period - Wrist shot by Steven Stamkos.
17:49 of 1st period - Stopped by Jonathan Quick with a rebound.
17:51 of 1st period - Wrist shot by Steven Stamkos.
17:51 of 1st period - Shot Blocked by Marcus Johansson.
17:53 of 1st period - Snap shot by Steven Stamkos.
17:53 of 1st period - Stopped by Jonathan Quick with a rebound.
17:55 of 1st period - Snap shot by Steven Stamkos.
17:55 of 1st period - Shot Misses the Net.
17:57 of 1st period - Snap shot by Jeff Skinner.
17:57 of 1st period - Shot Blocked by Nick Palmieri.
18:01 of 1st period - Wrist shot by Steven Stamkos.
18:01 of 1st period - Stopped by Jonathan Quick with a rebound.
18:03 of 1st period - Snap shot by Steven Stamkos.
18:03 of 1st period - Goal by Steven Stamkos - Canucks : 3 - Penguins : 1.
18:04 of 1st period - Steven Stamkos wins face-off versus Robert Nilsson in neutral zone.
18:17 of 1st period - Snap shot by Steven Stamkos.
18:17 of 1st period - Stopped by Jonathan Quick with a rebound.
18:19 of 1st period - Wrist shot by Steven Stamkos.
18:19 of 1st period - Stopped by Jonathan Quick without a rebound.
18:20 of 1st period - Derick Brassard wins face-off versus Joe Pavelski in Canucks zone.
18:20 of 1st period - Derick Brassard is hit by Keith Aulie.
18:23 of 1st period - Minor Penalty to Alex Goligoski for Holding.
18:24 of 1st period - Steven Stamkos wins face-off versus Robert Nilsson in Canucks zone.
19:43 of 1st period - Off-side.
19:44 of 1st period - Derek Stepan wins face-off versus Robert Nilsson in neutral zone.
Goals for this period are 3 for Canucks vs 1 for Penguins.
Shots for this period are 7 for Canucks vs 16 for Penguins.
2nd period
0:01 of 2nd period - Steven Stamkos wins face-off versus Robert Nilsson in neutral zone.
0:06 of 2nd period - Slapshot by Keith Aulie.
0:06 of 2nd period - Shot Blocked by Drew Doughty.
0:23 of 2nd period - Penalty to Alex Goligoski is over, Alex Goligoski is back on ice.
1:01 of 2nd period - Off-side.
1:02 of 2nd period - Steven Stamkos wins face-off versus Robert Nilsson in neutral zone.
1:05 of 2nd period - Snap shot by Nikita Kucherov.
1:05 of 2nd period - Shot Misses the Net.
1:13 of 2nd period - Snap shot by Robert Nilsson.
1:13 of 2nd period - Deflect By Steven Stamkos.
1:13 of 2nd period - Stopped by Jacob Markstrom with a rebound.
1:15 of 2nd period - Wrist shot by Nick Palmieri.
1:15 of 2nd period - Stopped by Jacob Markstrom without a rebound.
1:16 of 2nd period - Robert Nilsson wins face-off versus Steven Stamkos in Penguins zone.
1:17 of 2nd period - Snap shot by Nick Palmieri.
1:17 of 2nd period - Shot Misses the Net.
1:19 of 2nd period - Wrist shot by Marcus Johansson.
1:19 of 2nd period - Stopped by Jacob Markstrom without a rebound.
1:20 of 2nd period - Robert Nilsson wins face-off versus Steven Stamkos in Penguins zone.
1:27 of 2nd period - Wrist shot by Nick Palmieri.
1:27 of 2nd period - Stopped by Jacob Markstrom with a rebound.
1:29 of 2nd period - Snap shot by Drew Doughty.
1:29 of 2nd period - Stopped by Jacob Markstrom without a rebound.
1:30 of 2nd period - Steven Stamkos wins face-off versus Nick Palmieri in Penguins zone.
2:20 of 2nd period - Icing by Oliver Ekman-Larsson.
2:21 of 2nd period - Derek Stepan wins face-off versus Maxim Talbot in Penguins zone.
3:11 of 2nd period - Slapshot by Derick Brassard.
3:11 of 2nd period - Stopped by Jacob Markstrom without a rebound.
3:12 of 2nd period - Steven Stamkos wins face-off versus Derick Brassard in Penguins zone.
3:19 of 2nd period - Icing by Jamie Benn.
3:20 of 2nd period - Derick Brassard wins face-off versus Steven Stamkos in Canucks zone.
3:29 of 2nd period - Snap shot by Drew Doughty.
3:29 of 2nd period - Stopped by Jacob Markstrom with a rebound.
4:09 of 2nd period - Off-side.
4:10 of 2nd period - Derek Stepan wins face-off versus Robert Nilsson in neutral zone.
4:37 of 2nd period - Robert Nilsson is hit by Cal Clutterbuck and loses puck.
4:42 of 2nd period - Wrist shot by Cal Clutterbuck.
4:42 of 2nd period - Shot Blocked by Alex Goligoski.
4:44 of 2nd period - Wrist shot by Antoine Vermette.
4:44 of 2nd period - Shot Misses the Net.
4:46 of 2nd period - Slapshot by Oliver Ekman-Larsson.
4:46 of 2nd period - Stopped by Jonathan Quick with a rebound.
4:48 of 2nd period - Slapshot by Keith Aulie.
4:48 of 2nd period - Stopped by Jonathan Quick with a rebound.
5:28 of 2nd period - Slapshot by Derek Stepan.
5:28 of 2nd period - Shot Blocked by Alexander Steen.
5:46 of 2nd period - Snap shot by Derek Stepan.
5:46 of 2nd period - Shot Blocked by Tyler Myers.
5:48 of 2nd period - Slapshot by Keith Aulie.
5:48 of 2nd period - Shot Blocked by Drew Doughty.
5:50 of 2nd period - Wrist shot by Jeff Skinner.
5:50 of 2nd period - Stopped by Jonathan Quick without a rebound.
5:51 of 2nd period - Steven Stamkos wins face-off versus Maxim Talbot in Canucks zone.
6:02 of 2nd period - Snap shot by Steven Stamkos.
6:02 of 2nd period - Shot Misses the Net.
6:04 of 2nd period - Slapshot by Sean Zimmerman.
6:04 of 2nd period - Stopped by Jonathan Quick without a rebound.
6:05 of 2nd period - Steven Stamkos wins face-off versus Nick Palmieri in Canucks zone.
6:06 of 2nd period - Snap shot by Nikita Kucherov.
6:06 of 2nd period - Shot Blocked by Robert Nilsson.
7:35 of 2nd period - Marcus Johansson is hit by Damon Severson and loses puck.
7:58 of 2nd period - Snap shot by Joe Pavelski.
7:58 of 2nd period - Stopped by Jonathan Quick with a rebound.
8:09 of 2nd period - Icing by Robert Hagg.
8:10 of 2nd period - Derek Stepan wins face-off versus Robert Nilsson in Penguins zone.
8:15 of 2nd period - Robert Nilsson is hit by William Nylander and loses puck.
8:22 of 2nd period - Slapshot by Marcus Johansson.
8:22 of 2nd period - Stopped by Jacob Markstrom with a rebound.
8:24 of 2nd period - Snap shot by Robert Nilsson.
8:24 of 2nd period - Shot Blocked by Robert Hagg.
8:26 of 2nd period - Slapshot by Alex Goligoski.
8:26 of 2nd period - Shot Blocked by Robert Hagg.
8:46 of 2nd period - Wrist shot by Sam Gagner.
8:46 of 2nd period - Stopped by Jacob Markstrom with a rebound.
9:02 of 2nd period - Slapshot by Marcus Foligno.
9:02 of 2nd period - Shot Misses the Net.
9:04 of 2nd period - Snap shot by Joe Colborne.
9:04 of 2nd period - Shot Blocked by Michael Kostka.
9:16 of 2nd period - Cal Clutterbuck is hit by Alexander Steen and loses puck.
9:44 of 2nd period - Keith Aulie is hit by Drew Doughty and loses puck.
10:27 of 2nd period - Alex Goligoski is hit by Marcus Foligno and loses puck.
10:50 of 2nd period - Marcus Johansson is hit by Antoine Vermette and loses puck.
11:28 of 2nd period - Wrist shot by Derek Stepan.
11:28 of 2nd period - Shot Blocked by Tyler Myers.
11:30 of 2nd period - Slapshot by Keith Aulie.
11:30 of 2nd period - Shot Blocked by Drew Doughty.
11:58 of 2nd period - Tyler Myers is hit by Brandon Tanev and loses puck.
12:37 of 2nd period - Snap shot by Derek Stepan.
12:37 of 2nd period - Stopped by Jonathan Quick without a rebound.
12:38 of 2nd period - Derek Stepan wins face-off versus Derick Brassard in Canucks zone.
12:43 of 2nd period - Slapshot by Derek Stepan.
12:43 of 2nd period - Stopped by Jonathan Quick without a rebound.
12:44 of 2nd period - Derick Brassard wins face-off versus Steven Stamkos in Canucks zone.
13:57 of 2nd period - Slapshot by Keith Aulie.
13:57 of 2nd period - Deflect By Cal Clutterbuck.
13:57 of 2nd period - Goal by Cal Clutterbuck - Canucks : 3 - Penguins : 2.
13:58 of 2nd period - Steven Stamkos wins face-off versus Robert Nilsson in neutral zone.
14:00 of 2nd period - Oliver Ekman-Larsson is hit by Tyler Myers and loses puck.
14:06 of 2nd period - Slapshot by Oliver Ekman-Larsson.
14:06 of 2nd period - Stopped by Jonathan Quick with a rebound.
14:08 of 2nd period - Snap shot by Keith Aulie.
14:08 of 2nd period - Shot Blocked by Marcus Johansson.
14:24 of 2nd period - Oliver Ekman-Larsson is hit by Sam Gagner and loses puck.
14:51 of 2nd period - Snap shot by Joe Colborne.
14:51 of 2nd period - Stopped by Jonathan Quick with a rebound.
15:28 of 2nd period - Slapshot by Steven Stamkos.
15:28 of 2nd period - Goal by Steven Stamkos - Canucks : 3 - Penguins : 3.
15:29 of 2nd period - Steven Stamkos wins face-off versus Marcus Johansson in neutral zone.
15:42 of 2nd period - Wrist shot by Marcus Johansson.
15:42 of 2nd period - Goal by Marcus Johansson - Canucks : 4 - Penguins : 3.
15:43 of 2nd period - Steven Stamkos wins face-off versus Marcus Johansson in neutral zone.
17:01 of 2nd period - Cal Clutterbuck is hit by Cody Eakin and loses puck.
17:46 of 2nd period - Snap shot by Joe Pavelski.
17:46 of 2nd period - Shot Blocked by Drew Doughty.
18:14 of 2nd period - Wrist shot by Sam Gagner.
18:14 of 2nd period - Shot Misses the Net.
18:34 of 2nd period - Snap shot by Marcus Johansson.
18:34 of 2nd period - Shot Blocked by Steven Stamkos.
18:36 of 2nd period - Snap shot by Robert Nilsson.
18:36 of 2nd period - Stopped by Jacob Markstrom without a rebound.
18:37 of 2nd period - Robert Nilsson wins face-off versus Derek Stepan in Penguins zone.
18:38 of 2nd period - Slapshot by Nick Palmieri.
18:38 of 2nd period - Stopped by Jacob Markstrom without a rebound.
18:39 of 2nd period - Derek Stepan wins face-off versus Robert Nilsson in Penguins zone.
18:43 of 2nd period - Off-side.
18:44 of 2nd period - Robert Nilsson wins face-off versus Derek Stepan in neutral zone.
18:47 of 2nd period - Slapshot by Mike Lundin.
18:47 of 2nd period - Deflect By Robert Nilsson.
18:47 of 2nd period - Stopped by Jacob Markstrom with a rebound.
19:03 of 2nd period - Snap shot by Joe Pavelski.
19:03 of 2nd period - Stopped by Jonathan Quick with a rebound.
19:05 of 2nd period - Slapshot by Keith Aulie.
19:05 of 2nd period - Shot Blocked by Marcus Johansson.
19:15 of 2nd period - Snap shot by Derek Stepan.
19:15 of 2nd period - Deflect By Robert Nilsson.
19:15 of 2nd period - Stopped by Jonathan Quick with a rebound.
19:17 of 2nd period - Slapshot by Keith Aulie.
19:17 of 2nd period - Shot Misses the Net.
19:19 of 2nd period - Slapshot by Keith Aulie.
19:19 of 2nd period - Stopped by Jonathan Quick without a rebound.
19:20 of 2nd period - Derick Brassard wins face-off versus Steven Stamkos in Canucks zone.
19:57 of 2nd period - Wrist shot by Brandon Tanev.
19:57 of 2nd period - Goal by Brandon Tanev - Canucks : 4 - Penguins : 4.
19:58 of 2nd period - Robert Nilsson wins face-off versus Steven Stamkos in neutral zone.
Goals for this period are 1 for Canucks vs 3 for Penguins.
Shots for this period are 13 for Canucks vs 15 for Penguins.
3rd period
0:01 of 3rd period - Steven Stamkos wins face-off versus Robert Nilsson in neutral zone.
0:18 of 3rd period - Steven Stamkos is hit by Tyler Myers and loses puck.
0:36 of 3rd period - Minor Penalty to Derick Brassard for Tripping.
0:37 of 3rd period - Steven Stamkos wins face-off versus Robert Nilsson in Canucks zone.
1:04 of 3rd period - Robert Nilsson is hit by William Nylander and loses puck.
1:15 of 3rd period - Wrist shot by Joe Pavelski.
1:15 of 3rd period - Shot Misses the Net.
2:33 of 3rd period - Robert Nilsson is hit by Steven Stamkos.
2:36 of 3rd period - Penalty to Derick Brassard is over, Derick Brassard is back on ice.
2:45 of 3rd period - Slapshot by Derick Brassard.
2:45 of 3rd period - Shot Blocked by Nick Leddy.
2:47 of 3rd period - Wrist shot by Michael Kostka.
2:47 of 3rd period - Deflect By Brandon Tanev.
2:47 of 3rd period - Stopped by Jacob Markstrom without a rebound.
2:48 of 3rd period - Derick Brassard wins face-off versus Antoine Vermette in Penguins zone.
3:22 of 3rd period - Snap shot by Jason Akeson.
3:22 of 3rd period - Stopped by Jacob Markstrom without a rebound.
3:23 of 3rd period - Robert Nilsson wins face-off versus Steven Stamkos in Penguins zone.
3:23 of 3rd period - Robert Nilsson is hit by Oliver Ekman-Larsson.
3:25 of 3rd period - Slapshot by Drew Doughty.
3:25 of 3rd period - Deflect By Marcus Johansson.
3:25 of 3rd period - Stopped by Jacob Markstrom without a rebound.
3:26 of 3rd period - Robert Nilsson wins face-off versus Steven Stamkos in Penguins zone.
3:27 of 3rd period - Snap shot by Marcus Johansson.
3:27 of 3rd period - Shot Misses the Net.
3:29 of 3rd period - Snap shot by Tyler Myers.
3:29 of 3rd period - Stopped by Jacob Markstrom without a rebound.
3:30 of 3rd period - Robert Nilsson wins face-off versus Steven Stamkos in Penguins zone.
3:31 of 3rd period - Slapshot by Drew Doughty.
3:31 of 3rd period - Shot Misses the Net.
3:33 of 3rd period - Slapshot by Drew Doughty.
3:33 of 3rd period - Deflect By Oliver Ekman-Larsson.
3:33 of 3rd period - Stopped by Jacob Markstrom without a rebound.
3:34 of 3rd period - Steven Stamkos wins face-off versus Robert Nilsson in Penguins zone.
3:34 of 3rd period - Nikita Kucherov is hit by Nick Palmieri and loses puck.
3:39 of 3rd period - Snap shot by Nick Palmieri.
3:39 of 3rd period - Shot Misses the Net.
3:44 of 3rd period - Minor Penalty to Nick Palmieri for Holding.
3:45 of 3rd period - Steven Stamkos wins face-off versus Robert Nilsson in Canucks zone.
4:16 of 3rd period - Slapshot by Oliver Ekman-Larsson.
4:16 of 3rd period - Stopped by Jonathan Quick without a rebound.
4:17 of 3rd period - William Nylander wins face-off versus Robert Nilsson in Canucks zone.
4:24 of 3rd period - Wrist shot by Derek Stepan.
4:24 of 3rd period - Goal by Derek Stepan - Canucks : 4 - Penguins : 5.
4:25 of 3rd period - Robert Nilsson wins face-off versus Steven Stamkos in neutral zone.
4:51 of 3rd period - Joe Pavelski is hit by Tyler Myers and loses puck.
5:41 of 3rd period - Backhand shot by Cody Eakin.
5:41 of 3rd period - Shot Misses the Net.
6:25 of 3rd period - Slapshot by Derek Stepan.
6:25 of 3rd period - Stopped by Jonathan Quick with a rebound.
6:27 of 3rd period - Slapshot by Oliver Ekman-Larsson.
6:27 of 3rd period - Shot Blocked by Derick Brassard.
6:39 of 3rd period - Marcus Foligno is hit by Jason Akeson.
6:49 of 3rd period - Wrist shot by Maxim Talbot.
6:49 of 3rd period - Stopped by Jacob Markstrom with a rebound.
6:51 of 3rd period - Snap shot by Drew Doughty.
6:51 of 3rd period - Stopped by Jacob Markstrom without a rebound.
6:52 of 3rd period - Steven Stamkos wins face-off versus Robert Nilsson in Penguins zone.
6:59 of 3rd period - Snap shot by Nikita Kucherov.
6:59 of 3rd period - Stopped by Jonathan Quick with a rebound.
7:01 of 3rd period - Slapshot by Sean Zimmerman.
7:01 of 3rd period - Shot Hit the Post.
7:03 of 3rd period - Slapshot by Jeff Skinner.
7:03 of 3rd period - Shot Hit the Post.
7:40 of 3rd period - Slapshot by Nick Leddy.
7:40 of 3rd period - Shot Blocked by Jason Akeson.
9:26 of 3rd period - Cal Clutterbuck is hit by Robert Nilsson and loses puck.
9:47 of 3rd period - Wrist shot by Garnet Hathaway.
9:47 of 3rd period - Stopped by Jacob Markstrom without a rebound.
9:48 of 3rd period - Steven Stamkos wins face-off versus Cody Eakin in Penguins zone.
10:03 of 3rd period - Snap shot by Steven Stamkos.
10:03 of 3rd period - Shot Blocked by Cody Eakin.
10:05 of 3rd period - Snap shot by Steven Stamkos.
10:05 of 3rd period - Shot Misses the Net.
10:09 of 3rd period - Snap shot by Steven Stamkos.
10:09 of 3rd period - Shot Hit the Post.
10:11 of 3rd period - Slapshot by Steven Stamkos.
10:11 of 3rd period - Goal by Steven Stamkos - Canucks : 4 - Penguins : 6.
10:12 of 3rd period - Steven Stamkos wins face-off versus Robert Nilsson in neutral zone.
10:18 of 3rd period - Minor Penalty to Tyler Myers for Hooking.
10:19 of 3rd period - Robert Nilsson wins face-off versus Steven Stamkos in Canucks zone.
10:19 of 3rd period - Robert Nilsson is hit by Nikita Kucherov.
10:33 of 3rd period - Robert Nilsson is hit by Steven Stamkos and loses puck.
10:51 of 3rd period - Slapshot by Steven Stamkos.
10:51 of 3rd period - Shot Misses the Net.
12:03 of 3rd period - Icing by Joe Pavelski.
12:04 of 3rd period - Joe Pavelski wins face-off versus Robert Nilsson in Penguins zone.
12:18 of 3rd period - Penalty to Tyler Myers is over, Tyler Myers is back on ice.
13:06 of 3rd period - Snap shot by Derek Stepan.
13:06 of 3rd period - Shot Blocked by Michael Kostka.
14:11 of 3rd period - Minor Penalty to Derick Brassard for Charging.
14:12 of 3rd period - Robert Nilsson wins face-off versus Steven Stamkos in Canucks zone.
14:28 of 3rd period - Tyler Myers is hit by Nikita Kucherov and loses puck.
16:11 of 3rd period - Penalty to Derick Brassard is over, Derick Brassard is back on ice.
16:56 of 3rd period - Snap shot by Fabian Brunnstrom.
16:56 of 3rd period - Stopped by Jacob Markstrom with a rebound.
17:06 of 3rd period - Snap shot by Maxim Talbot.
17:06 of 3rd period - Shot Misses the Net.
17:49 of 3rd period - Nick Leddy is hit by Mike Lundin and loses puck.
18:00 of 3rd period - Derek Stepan is hit by Drew Doughty and loses puck.
18:12 of 3rd period - Derek Stepan is hit by Cody Eakin and loses puck.
18:27 of 3rd period - Snap shot by Maxim Talbot.
18:27 of 3rd period - Shot Misses the Net.
18:47 of 3rd period - Tomas Kundratek is hit by Brandon Tanev and loses puck.
Goals for this period are 0 for Canucks vs 2 for Penguins.
Shots for this period are 9 for Canucks vs 5 for Penguins.